[ AOE2 MATCH · #483889197 ]
Team RMFranks vs Mongols
[ REPLAY ANALYSIS · EXTRACTED FROM THE RECORDED GAME ]
Feudal
13:26
Castle
19:41
Imperial
37:34
| APM avg | 19.2 |
| APM peak | 43 |
| eAPM avg | 16.0 |
| Villagers / military | 129 / 207 |
Focus
⚔️ 42.5% · 🌾 57.5%
Throwing Axeman ×81 · Knight ×40 · Spearman ×32 · Archer ×17 · Monk ×12 · Trebuchet (Packed) ×11
Feudal
9:07
Castle
19:20
Imperial
35:02
| APM avg | 17.1 |
| APM peak | 58 |
| eAPM avg | 12.1 |
| Villagers / military | 93 / 84 |
Focus
⚔️ 29.8% · 🌾 70.2%
Mangudai ×25 · Cavalry Archer ×22 · Camel Scout ×14 · Archer ×13 · Trebuchet (Packed) ×7 · Steppe Lancer ×2
Feudal
10:13
Castle
17:31
Imperial
36:21
| APM avg | 19.7 |
| APM peak | 70 |
| eAPM avg | 12.2 |
| Villagers / military | 119 / 133 |
Focus
⚔️ 26.4% · 🌾 73.6%
Knight ×77 · Spearman ×44 · Battering Ram ×11 · Trade Cart ×3 · Monk ×1
Feudal
10:33
Castle
17:30
Imperial
35:18
| APM avg | 16.8 |
| APM peak | 70 |
| eAPM avg | 12.8 |
| Villagers / military | 151 / 110 |
Focus
⚔️ 24.4% · 🌾 75.6%
Conquistador ×56 · Trade Cart ×45 · Knight ×31 · Scout Cavalry ×10 · Trebuchet (Packed) ×10 · Spearman ×2
Match map
Initial resources + every placement click. Lines = walls · curves = elevation contours. ◆ gold · ⬟ stone · ● berries · ✦ relic · ◌ wall gap
Your base· ✓ Closed at 19:41 · 0t walls · 2 gate(s)
NiKy_Alonso's base· ✓ Closed at 19:20 · 0t walls · 2 gate(s)
Dtox's base· ✓ Closed at 17:31 · 0t walls · 2 gate(s)
超级菜's base· ✓ Closed at 17:30 · 0t walls · 2 gate(s)
Smoothed initial terrain · ◌ = detected wall gap · hover for details
Inputs per minute
— [V.@.M.M] Darku$ [+] - - NiKy_Alonso
Build order — [V.@.M.M] Darku$ [+]
First 150 of 514 actions detected
| 0:11 | Research | Loom |
| 0:12 | Create | Villager (Male) |
| 0:12 | Create | Villager (Male) |
| 0:12 | Create | Villager (Male) |
| 0:12 | Create | Villager (Male) |
| 0:13 | Create | Villager (Male) |
| 0:19 | Build | House |
| 0:59 | Build | House |
| 1:00 | Build | House |
| 1:04 | Build | House |
| 1:08 | Build | Lumber Camp |
| 1:50 | Create | Villager (Male) |
| 1:50 | Create | Villager (Male) |
| 2:18 | Create | Villager (Male) |
| 2:18 | Create | Villager (Male) |
| 2:50 | Create | Villager (Male) |
| 2:50 | Create | Villager (Male) |
| 3:07 | Create | Villager (Male) |
| 3:07 | Create | Villager (Male) |
| 3:29 | Create | Villager (Male) |
| 3:29 | Create | Villager (Male) |
| 3:43 | Create | Villager (Male) |
| 3:43 | Create | Villager (Male) |
| 4:04 | Create | Villager (Male) |
| 4:33 | Create | Villager (Male) |
| 4:33 | Create | Villager (Male) |
| 4:53 | Create | Villager (Male) |
| 5:32 | Create | Villager (Male) |
| 5:32 | Create | Villager (Male) |
| 6:12 | Build | House |
| 6:15 | Build | House |
| 6:25 | Create | Villager (Male) |
| 6:25 | Create | Villager (Male) |
| 6:26 | Create | Villager (Male) |
| 6:26 | Create | Villager (Male) |
| 6:26 | Create | Villager (Male) |
| 6:34 | Build | Mill |
| 6:55 | Build | Mill |
| 7:50 | Build | Mining Camp |
| 7:54 | Create | Villager (Male) |
| 7:56 | Create | Villager (Male) |
| 8:39 | Build | Mining Camp |
| 9:04 | Create | Villager (Male) |
| 9:30 | Create | Villager (Male) |
| 9:32 | Build | Farm |
| 9:47 | Build | Farm |
| 9:52 | Build | Farm |
| 9:55 | Build | Farm |
| 9:59 | Build | Farm |
| 10:01 | Create | Villager (Male) |
| 10:07 | Create | Villager (Male) |
| 10:45 | Create | Villager (Male) |
| 11:05 | Research | Feudal Age |
| 12:30 | Build | Barracks |
| 12:40 | Build | House |
| 12:41 | Build | House |
| 12:42 | Build | House |
| 12:43 | Build | House |
| 12:44 | Build | House |
| 12:45 | Build | House |
| 13:07 | Create | Villager (Male) |
| 13:26 | Age | Feudal Age |
| 13:29 | Research | Double-Bit Axe |
| 13:34 | Build | Market |
| 13:41 | Build | Blacksmith |
| 13:46 | Create | Villager (Male) |
| 13:54 | Build | Farm |
| 14:26 | Build | Farm |
| 14:28 | Create | Villager (Male) |
| 14:37 | Build | Farm |
| 14:42 | Build | Farm |
| 14:48 | Build | Farm |
| 14:50 | Create | Villager (Male) |
| 14:56 | Build | Farm |
| 15:16 | Create | Villager (Male) |
| 15:21 | Build | Farm |
| 15:44 | Create | Villager (Male) |
| 15:46 | Build | Farm |
| 16:04 | Create | Villager (Male) |
| 16:13 | Build | Farm |
| 16:25 | Create | Villager (Male) |
| 16:37 | Build | Farm |
| 16:52 | Build | Farm |
| 17:01 | Research | Castle Age |
| 17:04 | Build | Farm |
| 17:42 | Research | Stone Mining |
| 17:43 | Research | Gold Mining |
| 17:50 | Build | Farm |
| 17:53 | Build | Farm |
| 18:43 | Build | Archery Range |
| 18:51 | Build | Stable |
| 18:53 | Build | House |
| 18:54 | Build | House |
| 19:14 | Research | Wheelbarrow |
| 19:41 | Age | Castle Age |
| 19:47 | Research | Bow Saw |
| 19:53 | Create | Villager (Male) |
| 20:32 | Create | Villager (Male) |
| 20:57 | Research | Hand Cart |
| 21:33 | Build | Castle |
| 21:40 | Create | Villager (Male) |
| 21:48 | Research | Gold Shaft Mining |
| 21:55 | Research | Crossbowman (upgrade) |
| 21:55 | Create | Archer |
| 21:55 | Create | Archer |
| 21:56 | Create | Archer |
| 22:01 | Create | Spearman |
| 22:02 | Create | Spearman |
| 22:04 | Research | Pikeman (upgrade) |
| 22:04 | Research | Squires |
| 22:18 | Build | Lumber Camp |
| 22:28 | Create | Villager (Male) |
| 22:34 | Create | Archer |
| 22:37 | Create | Knight |
| 22:38 | Research | Husbandry |
| 22:40 | Create | Scout Cavalry |
| 22:44 | Create | Villager (Male) |
| 23:09 | Build | Lumber Camp |
| 23:15 | Create | Villager (Male) |
| 23:20 | Create | Archer |
| 23:23 | Create | Spearman |
| 23:25 | Create | Spearman |
| 23:28 | Create | Scout Cavalry |
| 23:29 | Create | Scout Cavalry |
| 23:35 | Create | Villager (Male) |
| 23:53 | Create | Knight |
| 24:03 | Build | Mining Camp |
| 24:07 | Create | Villager (Male) |
| 24:14 | Create | Scout Cavalry |
| 24:32 | Build | Town Center |
| 24:41 | Create | Villager (Male) |
| 24:49 | Create | Villager (Male) |
| 24:51 | Create | Throwing Axeman |
| 25:03 | Create | Villager (Male) |
| 25:09 | Build | House |
| 25:10 | Build | House |
| 25:11 | Build | House |
| 25:12 | Build | House |
| 25:13 | Build | House |
| 25:14 | Build | House |
| 25:18 | Build | House |
| 25:20 | Build | House |
| 25:22 | Build | House |
| 25:23 | Build | House |
| 25:24 | Build | House |
| 25:25 | Build | House |
| 25:45 | Create | Villager (Male) |
| 26:04 | Build | Farm |
| 26:06 | Create | Villager (Male) |
| 26:21 | Build | Town Center |
Build order — NiKy_Alonso
First 150 of 304 actions detected
| 0:04 | Build | House |
| 0:06 | Build | House |
| 0:09 | Create | Villager (Male) |
| 0:09 | Create | Villager (Male) |
| 0:09 | Create | Villager (Male) |
| 0:09 | Create | Villager (Male) |
| 0:10 | Create | Villager (Male) |
| 1:37 | Create | Villager (Male) |
| 2:16 | Create | Villager (Male) |
| 2:27 | Build | Mill |
| 2:36 | Create | Villager (Male) |
| 3:08 | Create | Villager (Male) |
| 3:08 | Create | Villager (Male) |
| 3:55 | Create | Villager (Male) |
| 3:57 | Create | Villager (Male) |
| 4:24 | Build | House |
| 4:46 | Create | Villager (Male) |
| 5:15 | Create | Villager (Male) |
| 5:42 | Create | Villager (Male) |
| 6:04 | Build | Lumber Camp |
| 6:14 | Create | Villager (Male) |
| 6:57 | Research | Feudal Age |
| 9:07 | Age | Feudal Age |
| 9:09 | Create | Villager (Male) |
| 9:11 | Create | Villager (Male) |
| 9:24 | Build | Mill |
| 9:44 | Build | Mining Camp |
| 9:57 | Research | Double-Bit Axe |
| 10:00 | Create | Villager (Male) |
| 10:07 | Build | House |
| 10:08 | Build | House |
| 10:12 | Build | House |
| 10:21 | Research | Wheelbarrow |
| 11:09 | Build | Barracks |
| 11:12 | Create | Villager (Male) |
| 11:26 | Research | Horse Collar |
| 12:17 | Create | Villager (Male) |
| 12:43 | Build | Farm |
| 12:48 | Build | Farm |
| 12:54 | Build | Farm |
| 12:55 | Create | Villager (Male) |
| 13:13 | Create | Militia |
| 13:22 | Create | Villager (Male) |
| 13:54 | Create | Villager (Male) |
| 14:09 | Build | Market |
| 14:34 | Create | Villager (Male) |
| 14:45 | Build | Farm |
| 14:53 | Build | Farm |
| 14:58 | Build | Farm |
| 15:03 | Build | Farm |
| 15:10 | Create | Villager (Male) |
| 15:28 | Build | Blacksmith |
| 15:43 | Create | Villager (Male) |
| 16:01 | Research | Gold Mining |
| 16:13 | Build | Mining Camp |
| 16:15 | Create | Villager (Male) |
| 16:22 | Build | House |
| 16:23 | Build | House |
| 16:33 | Research | Castle Age |
| 16:56 | Build | Lumber Camp |
| 17:43 | Build | Archery Range |
| 18:36 | Research | Stone Mining |
| 18:41 | Research | Fletching |
| 18:51 | Build | Archery Range |
| 18:53 | Create | Archer |
| 19:14 | Research | Padded Archer Armor |
| 19:20 | Age | Castle Age |
| 19:32 | Create | Archer |
| 19:38 | Build | Town Center |
| 19:47 | Create | Villager (Male) |
| 20:01 | Create | Archer |
| 20:03 | Research | Crossbowman (upgrade) |
| 20:05 | Create | Archer |
| 20:06 | Create | Archer |
| 20:31 | Build | Farm |
| 20:35 | Create | Villager (Male) |
| 20:47 | Create | Villager (Male) |
| 21:04 | Create | Villager (Male) |
| 21:16 | Build | Farm |
| 21:17 | Create | Villager (Male) |
| 21:26 | Create | Villager (Male) |
| 21:48 | Build | Farm |
| 21:49 | Create | Villager (Male) |
| 22:03 | Create | Villager (Male) |
| 22:29 | Build | Town Center |
| 22:35 | Create | Villager (Male) |
| 22:39 | Build | Farm |
| 22:44 | Create | Villager (Male) |
| 23:10 | Build | Farm |
| 23:12 | Create | Villager (Male) |
| 23:15 | Create | Villager (Male) |
| 23:27 | Build | Castle |
| 23:42 | Build | Farm |
| 23:42 | Create | Villager (Male) |
| 23:52 | Create | Villager (Male) |
| 24:00 | Create | Villager (Male) |
| 24:16 | Research | Bodkin Arrow |
| 24:33 | Create | Villager (Male) |
| 24:33 | Create | Villager (Male) |
| 24:37 | Create | Villager (Male) |
| 24:38 | Create | Villager (Male) |
| 24:41 | Create | Villager (Male) |
| 24:42 | Create | Villager (Male) |
| 24:47 | Create | Archer |
| 25:03 | Build | Farm |
| 25:16 | Build | Farm |
| 25:25 | Build | House |
| 25:26 | Build | House |
| 25:46 | Build | House |
| 25:47 | Build | House |
| 25:48 | Build | House |
| 25:54 | Build | Farm |
| 26:04 | Research | Forging |
| 26:06 | Create | Villager (Male) |
| 26:13 | Create | Villager (Male) |
| 26:22 | Build | Farm |
| 26:25 | Create | Villager (Male) |
| 26:39 | Research | Bow Saw |
| 26:41 | Research | Heavy Plow |
| 26:49 | Build | Farm |
| 26:52 | Create | Villager (Male) |
| 26:55 | Create | Villager (Male) |
| 27:11 | Build | Archery Range |
| 27:14 | Build | Archery Range |
| 27:18 | Create | Archer |
| 27:19 | Create | Archer |
| 27:21 | Create | Mangudai |
| 27:21 | Create | Mangudai |
| 27:38 | Research | Nomads |
| 27:42 | Build | Farm |
| 27:44 | Build | Farm |
| 27:54 | Create | Villager (Male) |
| 28:00 | Create | Villager (Male) |
| 28:07 | Build | Mining Camp |
| 28:18 | Create | Mangudai |
| 28:29 | Create | Villager (Male) |
| 28:35 | Build | Lumber Camp |
| 28:41 | Build | Lumber Camp |
| 28:57 | Create | Villager (Male) |
| 29:06 | Create | Mangudai |
| 29:15 | Build | Archery Range |
| 29:26 | Build | Stable |
| 29:34 | Build | Stable |
| 29:39 | Create | Villager (Male) |
| 29:51 | Create | Villager (Male) |
| 29:55 | Create | Villager (Male) |
| 30:00 | Research | Gold Shaft Mining |
| 30:09 | Create | Villager (Male) |
| 30:20 | Create | Villager (Male) |
| 30:25 | Create | Mangudai |
Build order — Dtox
First 150 of 315 actions detected
| 0:01 | Create | Villager (Male) |
| 0:01 | Create | Villager (Male) |
| 0:01 | Create | Villager (Male) |
| 0:02 | Create | Villager (Male) |
| 0:03 | Build | House |
| 0:04 | Build | House |
| 1:35 | Create | Villager (Male) |
| 1:35 | Create | Villager (Male) |
| 2:02 | Create | Villager (Male) |
| 2:19 | Build | Lumber Camp |
| 2:38 | Create | Villager (Male) |
| 2:38 | Create | Villager (Male) |
| 2:41 | Build | House |
| 3:01 | Create | Villager (Male) |
| 3:02 | Create | Villager (Male) |
| 3:23 | Create | Villager (Male) |
| 4:05 | Create | Villager (Male) |
| 4:05 | Create | Villager (Male) |
| 4:29 | Create | Villager (Male) |
| 4:44 | Create | Villager (Male) |
| 4:58 | Build | House |
| 5:30 | Create | Villager (Male) |
| 5:45 | Create | Villager (Male) |
| 6:14 | Build | Mill |
| 6:22 | Build | House |
| 6:23 | Build | House |
| 6:40 | Create | Villager (Male) |
| 7:06 | Create | Villager (Male) |
| 7:33 | Create | Villager (Male) |
| 8:03 | Research | Feudal Age |
| 8:12 | Build | Lumber Camp |
| 8:34 | Research | Loom |
| 8:38 | Create | Villager (Male) |
| 8:38 | Create | Villager (Male) |
| 9:01 | Build | Farm |
| 9:46 | Build | Farm |
| 9:48 | Build | Farm |
| 9:51 | Build | Farm |
| 9:56 | Build | Farm |
| 10:00 | Create | Villager (Male) |
| 10:02 | Create | Villager (Male) |
| 10:02 | Create | Villager (Male) |
| 10:13 | Age | Feudal Age |
| 10:42 | Build | Barracks |
| 11:03 | Build | Blacksmith |
| 11:15 | Create | Villager (Male) |
| 11:16 | Create | Villager (Male) |
| 11:19 | Research | Town Watch |
| 11:48 | Research | Loom |
| 11:55 | Build | Mining Camp |
| 12:08 | Create | Villager (Male) |
| 12:11 | Create | Villager (Male) |
| 12:11 | Create | Villager (Male) |
| 12:19 | Build | Farm |
| 12:20 | Build | Farm |
| 12:23 | Build | Farm |
| 12:36 | Build | Farm |
| 12:45 | Build | Farm |
| 13:01 | Build | Stable |
| 14:51 | Research | Castle Age |
| 15:04 | Create | Villager (Male) |
| 15:18 | Build | House |
| 15:20 | Build | House |
| 15:22 | Build | House |
| 15:23 | Build | House |
| 15:45 | Build | Mill |
| 15:52 | Create | Villager (Male) |
| 15:53 | Create | Villager (Male) |
| 16:37 | Build | Farm |
| 17:31 | Age | Castle Age |
| 17:31 | Research | Double-Bit Axe |
| 17:42 | Build | Town Center |
| 17:55 | Create | Villager (Male) |
| 17:55 | Create | Villager (Male) |
| 17:56 | Create | Villager (Male) |
| 18:22 | Research | Wheelbarrow |
| 18:24 | Create | Villager (Male) |
| 18:25 | Create | Villager (Male) |
| 18:28 | Research | Bow Saw |
| 19:04 | Create | Villager (Male) |
| 19:04 | Create | Villager (Male) |
| 19:05 | Create | Villager (Male) |
| 19:05 | Create | Villager (Male) |
| 19:06 | Create | Villager (Male) |
| 19:06 | Create | Villager (Male) |
| 19:06 | Create | Villager (Male) |
| 19:10 | Create | Villager (Male) |
| 19:10 | Create | Villager (Male) |
| 19:10 | Create | Villager (Male) |
| 19:11 | Create | Villager (Male) |
| 19:39 | Build | Town Center |
| 20:14 | Build | Stable |
| 21:01 | Research | Scale Barding Armor |
| 21:01 | Research | Forging |
| 21:14 | Build | Siege Workshop |
| 21:24 | Create | Villager (Male) |
| 21:25 | Create | Villager (Male) |
| 21:25 | Create | Villager (Male) |
| 21:25 | Create | Villager (Male) |
| 21:26 | Create | Villager (Male) |
| 21:26 | Create | Villager (Male) |
| 21:26 | Create | Villager (Male) |
| 22:02 | Create | Villager (Male) |
| 22:02 | Create | Villager (Male) |
| 22:12 | Build | Stable |
| 22:16 | Build | Barracks |
| 22:32 | Create | Villager (Male) |
| 22:33 | Create | Villager (Male) |
| 22:33 | Create | Villager (Male) |
| 22:42 | Build | Farm |
| 22:43 | Build | Farm |
| 22:47 | Build | Farm |
| 22:48 | Build | Farm |
| 22:55 | Build | Farm |
| 22:56 | Build | Farm |
| 23:09 | Create | Villager (Male) |
| 23:09 | Create | Villager (Male) |
| 23:10 | Create | Villager (Male) |
| 23:10 | Create | Villager (Male) |
| 23:10 | Create | Villager (Male) |
| 23:11 | Create | Villager (Male) |
| 23:21 | Build | Mining Camp |
| 23:31 | Create | Villager (Male) |
| 23:31 | Create | Villager (Male) |
| 23:55 | Create | Villager (Male) |
| 23:55 | Create | Villager (Male) |
| 24:07 | Create | Knight |
| 24:07 | Create | Knight |
| 24:14 | Build | House |
| 24:15 | Build | House |
| 24:16 | Build | House |
| 24:17 | Build | House |
| 24:26 | Create | Villager (Male) |
| 24:26 | Create | Villager (Male) |
| 24:27 | Create | Villager (Male) |
| 24:40 | Create | Knight |
| 24:49 | Create | Knight |
| 25:00 | Create | Knight |
| 25:07 | Build | House |
| 25:09 | Build | House |
| 25:10 | Build | House |
| 25:12 | Build | House |
| 25:13 | Build | House |
| 25:15 | Build | House |
| 25:17 | Build | House |
| 25:37 | Create | Knight |
| 25:37 | Create | Knight |
| 25:43 | Research | Husbandry |
| 25:49 | Create | Villager (Male) |
| 25:55 | Build | Farm |
Build order — 超级菜
First 150 of 301 actions detected
| 0:03 | Create | Villager (Male) ×4 |
| 0:07 | Build | House |
| 0:11 | Build | House |
| 1:27 | Create | Villager (Male) |
| 1:27 | Create | Villager (Male) |
| 1:58 | Build | Lumber Camp |
| 2:05 | Create | Villager (Male) |
| 2:05 | Create | Villager (Male) |
| 2:20 | Create | Villager (Male) |
| 2:21 | Create | Villager (Male) |
| 2:40 | Build | House |
| 2:54 | Create | Villager (Male) |
| 2:54 | Create | Villager (Male) |
| 3:10 | Create | Villager (Male) |
| 3:42 | Create | Villager (Male) |
| 3:51 | Create | Villager (Male) |
| 4:20 | Build | Mill |
| 4:40 | Create | Villager (Male) |
| 4:40 | Create | Villager (Male) |
| 4:51 | Build | House |
| 5:27 | Create | Villager (Male) |
| 5:27 | Create | Villager (Male) |
| 5:51 | Create | Villager (Male) |
| 6:10 | Create | Villager (Male) |
| 6:10 | Create | Villager (Male) |
| 6:28 | Create | Villager (Male) |
| 7:20 | Build | Mill |
| 7:33 | Create | Villager (Male) |
| 7:34 | Create | Villager (Male) |
| 8:22 | Research | Feudal Age |
| 8:53 | Build | Mining Camp |
| 9:09 | Build | Barracks |
| 9:34 | Build | House |
| 9:36 | Build | House |
| 10:07 | Build | Mill |
| 10:13 | Create | Villager (Male) |
| 10:13 | Create | Villager (Male) |
| 10:17 | Create | Villager (Male) ×5 |
| 10:22 | Create | Villager (Male) |
| 10:33 | Age | Feudal Age |
| 10:44 | Create | Spearman |
| 10:51 | Create | Villager (Male) |
| 13:03 | Build | Blacksmith |
| 13:11 | Build | Market |
| 14:14 | Create | Villager (Male) |
| 14:50 | Research | Castle Age |
| 15:01 | Build | Mining Camp |
| 15:11 | Create | Spearman |
| 15:16 | Research | Double-Bit Axe |
| 15:36 | Build | Farm |
| 15:37 | Build | Farm |
| 15:49 | Research | Horse Collar |
| 15:57 | Build | Farm |
| 16:01 | Build | Farm |
| 16:03 | Build | Farm |
| 16:05 | Build | Farm |
| 16:23 | Research | Stone Mining |
| 16:48 | Build | House |
| 16:52 | Build | House |
| 16:54 | Build | House |
| 17:24 | Create | Villager (Male) |
| 17:24 | Create | Villager (Male) |
| 17:30 | Age | Castle Age |
| 18:02 | Build | Town Center |
| 18:23 | Research | Bow Saw |
| 18:23 | Research | Bow Saw |
| 18:24 | Research | Bow Saw |
| 18:42 | Create | Villager (Male) |
| 18:42 | Create | Villager (Male) |
| 18:44 | Create | Villager (Male) |
| 18:44 | Create | Villager (Male) |
| 19:01 | Build | Farm |
| 19:02 | Build | Farm |
| 20:13 | Build | Town Center |
| 20:20 | Research | Wheelbarrow |
| 20:25 | Create | Villager (Male) |
| 20:25 | Create | Villager (Male) |
| 20:28 | Create | Villager (Male) |
| 20:33 | Research | Heavy Plow |
| 21:12 | Build | Castle |
| 21:35 | Build | Castle |
| 21:51 | Build | Mill |
| 22:02 | Build | Mining Camp |
| 22:16 | Create | Villager (Male) ×4 |
| 22:27 | Build | Stable |
| 22:38 | Build | Farm |
| 22:41 | Build | Farm |
| 22:42 | Build | Farm |
| 22:49 | Build | Farm |
| 22:50 | Build | Farm |
| 22:53 | Build | Farm |
| 22:55 | Build | Farm |
| 22:57 | Build | Farm |
| 22:58 | Build | Farm |
| 23:04 | Create | Villager (Male) ×3 |
| 23:05 | Create | Villager (Male) ×3 |
| 23:21 | Build | Farm |
| 23:22 | Build | Farm |
| 23:23 | Build | Farm |
| 23:24 | Build | Farm |
| 23:28 | Create | Villager (Male) ×2 |
| 23:28 | Create | Villager (Male) ×2 |
| 23:40 | Build | House |
| 23:45 | Build | House |
| 23:50 | Build | Lumber Camp |
| 23:55 | Create | Conquistador |
| 24:26 | Create | Villager (Male) |
| 24:28 | Create | Villager (Male) ×2 |
| 24:31 | Create | Villager (Male) |
| 24:36 | Build | Farm |
| 24:37 | Build | Farm |
| 24:39 | Build | Farm |
| 24:40 | Build | Farm |
| 25:04 | Create | Villager (Male) ×4 |
| 25:04 | Create | Villager (Male) ×4 |
| 25:12 | Create | Conquistador |
| 25:33 | Create | Villager (Male) |
| 25:33 | Create | Villager (Male) |
| 25:34 | Create | Villager (Male) |
| 25:46 | Build | Farm |
| 25:49 | Build | Farm |
| 25:51 | Build | Farm |
| 25:56 | Create | Villager (Male) ×4 |
| 26:01 | Create | Conquistador |
| 26:20 | Research | Husbandry |
| 26:22 | Create | Villager (Male) |
| 26:27 | Create | Conquistador |
| 26:36 | Create | Villager (Male) |
| 26:38 | Create | Villager (Male) |
| 26:43 | Create | Villager (Male) |
| 26:57 | Build | Farm |
| 26:59 | Build | Farm |
| 27:01 | Build | Farm |
| 27:04 | Create | Villager (Male) |
| 27:05 | Create | Villager (Male) |
| 27:10 | Create | Conquistador |
| 27:19 | Research | Scale Barding Armor |
| 27:22 | Create | Villager (Male) |
| 27:22 | Create | Villager (Male) |
| 27:33 | Research | Fletching |
| 27:38 | Create | Villager (Male) |
| 27:38 | Create | Villager (Male) |
| 27:55 | Build | Farm |
| 27:57 | Build | Farm |
| 27:58 | Build | Farm |
| 28:04 | Create | Villager (Male) |
| 28:04 | Create | Villager (Male) |
| 28:05 | Create | Villager (Male) |
| 28:05 | Create | Villager (Male) |
| 28:06 | Create | Villager (Male) |
Match timeline
| 9:07 | NiKy_Alonso · age_up feudal |
| 9:09 | 超级菜 · first_building Barracks |
| 10:13 | Dtox · age_up feudal |
| 10:33 | 超级菜 · age_up feudal |
| 10:42 | Dtox · first_building Barracks |
| 11:09 | NiKy_Alonso · first_building Barracks |
| 12:30 | [V.@.M.M] Darku$ [+] · first_building Barracks |
| 13:01 | Dtox · first_building Stable |
| 13:26 | [V.@.M.M] Darku$ [+] · age_up feudal |
| 15:21 | NiKy_Alonso · first_market_buy 100 wood |
| 17:30 | 超级菜 · age_up castle |
| 17:31 | Dtox · age_up castle |
| 17:43 | NiKy_Alonso · first_building Archery Range |
| 18:43 | [V.@.M.M] Darku$ [+] · first_building Archery Range |
| 18:51 | [V.@.M.M] Darku$ [+] · first_building Stable |
| 19:20 | NiKy_Alonso · age_up castle |
| 19:41 | [V.@.M.M] Darku$ [+] · age_up castle |
| 21:12 | 超级菜 · first_building Castle |
| 21:14 | Dtox · first_building Siege Workshop |
| 21:33 | [V.@.M.M] Darku$ [+] · first_building Castle |
| 22:27 | 超级菜 · first_building Stable |
| 23:27 | NiKy_Alonso · first_building Castle |
| 24:26 | NiKy_Alonso · first_market_sell 100 wood |
| 27:48 | [V.@.M.M] Darku$ [+] · first_building Monastery |
| 28:01 | Dtox · first_building Monastery |
| 29:26 | NiKy_Alonso · first_building Stable |
| 30:27 | [V.@.M.M] Darku$ [+] · first_building Siege Workshop |
| 30:43 | Dtox · first_market_sell 500 wood |
| 31:00 | 超级菜 · first_building Siege Workshop |
| 32:34 | 超级菜 · first_building Archery Range |
| 32:54 | 超级菜 · first_building Monastery |
| 32:57 | NiKy_Alonso · first_building Monastery |
| 33:52 | 超级菜 · wall_segment Stone Wall x41 |
| 35:02 | NiKy_Alonso · age_up imperial |
| 35:18 | 超级菜 · age_up imperial |
| 36:21 | Dtox · age_up imperial |
| 37:34 | [V.@.M.M] Darku$ [+] · age_up imperial |
| 44:16 | Dtox · first_building Castle |
| 46:40 | [V.@.M.M] Darku$ [+] · first_market_sell 100 food |
| 48:12 | NiKy_Alonso · first_building Siege Workshop |
| 48:37 | Dtox · resign |
[ AI ANALYSIS · 1 CREDIT ]
What really happened in this match?
Wolo.gg analyzes every decision: build order, eco, micro, common mistakes by bracket. Personalized analysis on WhatsApp or Discord in 30 seconds.
Civ guide
Franks
Map guide
Arena
Perfil
Jugador #17616495